 Dungeon Crawl Stone Soup version 0.31-a0-185-g9dded2c639 (webtiles) character file.

Game seed: 8478387582872710720

68 qw the Shooter (level 4, -3/25 HPs)
             Began as a Deep Elf Hunter on June 22, 2023.
             Slain by a hobgoblin (5 damage)
             ... led by Robin
             ... on level 3 of the Dungeon.
             The game lasted 00:00:27 (1354 turns).

qw the Shooter (Deep Elf Hunter)                    Turns: 1354, Time: 00:00:28

Health: -3/25      AC:  3    Str: 10    XL:     4   Next: 1%
Magic:  6/6        EV: 12    Int: 14    God:
Gold:   152        SH:  0    Dex: 18    Spells: 3/3 levels left

rFire   . . .        Y - +0 shortbow
rCold   . . .        (shield currently unavailable)
rNeg    . . .        c - +0 leather armour
rPois   .            (no helmet)
rElec   .            (no cloak)
rCorr   .            (no gloves)
SInv    .            (no boots)
Will    .....        l - amulet of the acrobat
Stlth   ++           (no ring)
HPRegen 0.24/turn    (no ring)
MPRegen 0.10/turn

%: acrobat
@: about to teleport
A: no striking features
a: no special abilities


You were on level 3 of the Dungeon.
You visited 1 branch of the dungeon, and saw 3 of its levels.

You collected 152 gold pieces.


   Skills:
 - Level 1.5 Fighting
 + Level 7.4 Ranged Weapons
 - Level 2.4 Dodging
 - Level 1.2 Stealth


You had 3 spell levels left.
You didn't know any spells.
Your spell library was empty.

Inventory:

Hand Weapons
 Y - a +0 shortbow (weapon)
Armour
 c - a +0 leather armour (worn)
Jewellery
 l - an amulet of the acrobat (around neck)
Scrolls
 a - a scroll of teleportation
 b - a scroll of identify
Potions
 e - a potion of might {unknown}
 f - a potion of lignification {unknown}
 g - a potion of degeneration {unknown}
 h - a potion of resistance {unknown}
 j - a potion of curing {unknown}
 k - a potion of haste {unknown}

Dungeon Overview and Level Annotations

Branches:
Dungeon (3/15)

Altars:

Annotations:
D:3 Robin


Message History

You shoot an arrow. The arrow closely misses the goblin.
The arrow closely misses the hobgoblin.
You hear a shout!
The goblin hits you but does no damage.
You hear a shout!
You shoot an arrow. The arrow closely misses the goblin.
The arrow hits the hobgoblin!
You kill the hobgoblin!
The orc hits you with a +0 hand axe. The orc hits you but does no damage.
The goblin barely misses you.
You shoot an arrow. The arrow hits the goblin!
You kill the goblin!
You hear a shout!
The orc completely misses you. The orc closely misses you.
You hear a shout! x2
You shoot an arrow. The arrow hits the goblin!
You kill the goblin!
The orc barely misses you.
An orc wizard comes into view. It is wielding a +0 dagger.
The orc hits you with a +0 dagger.
You shoot an arrow. The arrow completely misses the orc.
The hobgoblin misses you. The orc hits you with a +0 hand axe.
The orc hits you with a +0 dagger.
Robin roars a battlecry!
The goblins go into a battle-frenzy!
You shoot an arrow. The arrow hits the orc!
You kill the orc!
The hobgoblin hits you.
An orc comes into view. It is wielding a +0 dagger.
The orc hits you with a +0 hand axe.
You have reached level 4!
You feel clever.
1353 ||| READING 2 scrolls of teleportation.
As you read the scroll of teleportation, it crumbles to dust.
You feel strangely unstable. The hobgoblin closely misses you.
The orc hits you but does no damage. The orc barely misses you.
You shoot an arrow.
The arrow hits the orc but does no damage.
The hobgoblin hits you.
You die...

..## ## ..
#... .. .
.... .#.#
... .#.#
#..##...###.
#.#......o)
#..oo..o...
#@# #g#


#.gg.ggggg #..##ggg.g #).# ##.# #... .... #.## #. You could see Robin, an orc
wizard, 3 orcs, a hobgoblin (strong) and a goblin (strong).

Vanquished Creatures
  3 adders (D:2)
  A dart slug (D:1)
  An orc (D:3)
  A ball python (D:1)
  4 endoplasms
  7 goblins
  4 hobgoblins
  3 jackals (D:2)
  3 quokkas
  4 bats
  A frilled lizard (D:2)
  A kobold (D:1)
  3 rats
36 creatures vanquished.

Notes
Turn   | Place    | Note
-------+----------+-------------------------------------------
     0 | D:1      | qw the Deep Elf Hunter began the quest for the Orb.
     0 | D:1      | Reached XP level 1. HP: 12/12 MP: 3/3
     0 | D:1      | 0 ||| qw: Version: 0.3-a-9-g12657ce
     0 | D:1      | 0 ||| qw: Game counter: 1771
     0 | D:1      | 0 ||| qw: Always use a shield: true
     0 | D:1      | 0 ||| qw: God list: Okawaru
     0 | D:1      | 0 ||| qw: Allow faded altars: false
     0 | D:1      | 0 ||| qw: Do Orc after D:15 true
     0 | D:1      | 0 ||| qw: Do second Lair branch before Depths: true
     0 | D:1      | 0 ||| qw: Lair rune preference: random
     0 | D:1      | 0 ||| qw: Plans: Normal
     0 | D:1      | 0 ||| PLANNING D:1-11
   123 | D:1      | Reached XP level 2. HP: 16/16 MP: 4/4
   124 | D:1      | Reached skill level 6 in Ranged Weapons
   695 | D:1      | 695 ||| UPGRADING to amulet of the acrobat.
   700 | D:1      | 700 ||| READING 3 scrolls labelled LITRISS IFAU.
   703 | D:1      | 703 ||| READING scroll labelled ETI ARAXOYMO.
   704 | D:1      | 704 ||| READING 2 scrolls labelled IPIUTA BEHA.
   705 | D:1      | 705 ||| READING scroll labelled ZEAD ITINTAHASUS.
   706 | D:1      | 706 ||| READING scroll labelled JEKUATZ KUTRUZ.
   707 | D:1      | 707 ||| DROPPING scroll of butterflies.
   708 | D:1      | 708 ||| DROPPING scroll of noise.
   767 | D:2      | Reached XP level 3. HP: 20/20 MP: 5/5
   833 | D:2      | Identified the +0 ring mail "Ydatinno" {Harm Str+4 Dex-5}
  1004 | D:2      | Reached skill level 7 in Ranged Weapons
  1302 | D:2      | 1302 ||| DROPPING +0 ring mail "Ydatinno" {Harm Str+4
                  | Dex-5}.
  1303 | D:2      | 1303 ||| READING 2 scrolls labelled ZIS ZEGAPHOVOMN.
  1331 | D:3      | Noticed Robin
  1332 | D:3      | 1332 ||| Stepping ~*~*~tactically~*~*~ (outnumbered).
  1352 | D:3      | HP: 2/20 [hobgoblin[Robin] (5)]
  1353 | D:3      | Reached XP level 4. HP: 1/25 MP: 6/6
  1353 | D:3      | 1353 ||| READING 2 scrolls of teleportation.
  1354 | D:3      | Slain by a hobgoblin

Levels and vault maps discovered:
D:1:      nzn_arrival_depleted_hourglass, layout_basic,
          chequers_serial_rivers_micro_c, glass_columns_b
D:2:      layout_loops_ring
D:3:      layout_loops_ring, mainiacjoe_overflow_tiny_flanked,
          nemelex_dance_club_becter, corner_web_ring,
          minmay_misc_feat_more_columns, minmay_close_crescents, uniq_robin,
          uniq_sigmund

Skill      XL: |  1  2  3 |
---------------+----------+-----
Ranged Weapons | 6 7 |  7.4
Fighting       | |  1.5
Dodging        | |  2.4
Stealth        | |  1.2

Action                     |  1- 3 |  4- 6 || total
---------------------------+-------+-------++-------
   Fire: Shortbow          |    98 |     1 ||    99
    Use: Scroll            |     6 |     1 ||     7
 Armour: Leather armour    |     9 |     1 ||    10
  Dodge: Dodged            |    33 |     2 ||    35

Table legend:
 A = Non-vault XP
 B = Vault XP
 C = Vault XP percentage of total XP
 D = Non-vault monster count
 E = Vault monster count
 F = Vault count percentage of total count
                 A         B        C        D         E       F
            +---------+---------+-------+---------+---------+-------
      Total |      88 |      10 |  10.2 |      30 |       6 |  16.7
            +---------+---------+-------+---------+---------+-------
        D:1 |      27 |       0 |   0.0 |      15 |       0 |   0.0
        D:2 |      58 |       0 |   0.0 |      14 |       0 |   0.0
        D:3 |       3 |      10 |  76.9 |       1 |       6 |  85.7
            +---------+---------+-------+---------+---------+-------
